 Adventure DCSS version bcrawl-1.27.3 (webtiles) character file.

Game seed: 15673584727088407312

142134 galech the Skirmisher (level 4, 35/36 HPs)
             Began as a Demonspawn Fighter on July 31, 2020.
             Quit the game on level 2 of the Dungeon.
             The game lasted 00:01:21 (1337 turns).

galech the Skirmisher (Demonspawn Fighter)          Turns: 1337, Time: 00:01:22

Health: 35/36      AC:  6    Str: 16    XL:     4   Next: 1%
Magic:  4/4        EV:  4    Int: 10    God:
Gold:   106        SH:  8    Dex: 13    Spells: 3/3 levels left
                                        Lives:  2   Deaths: 0

rFire    . . .     SeeInvis .   a - +0 war axe
rCold    . . .     Gourm    .   c - +0 medium shield
rNeg     . . .     Faith    .   b - +0 scale mail
rPois    .         Spirit   .   (no helmet)
rElec    .         Reflect  .   (no cloak)
rCorr    .         Harm     .   (no gloves)
MR       .....                  (no boots)
Stlth    ..........             (no amulet)
HPRegen  0.12/turn              (no ring)
MPRegen  0.09/turn              (no ring)

@: no status effects
A: claws 1, talons 1
a: no special abilities


You were on level 2 of the Dungeon.
You were not hungry.

You visited 1 branch of the dungeon, and saw 2 of its levels.

You collected 106 gold pieces.

Inventory:

Hand Weapons
 a - a +0 war axe (weapon)
Armour
 b - a +0 scale mail (worn)
 c - a +0 medium shield (worn)
Scrolls
 g - 4 scrolls of identify
 h - a scroll of magic mapping {unknown}
 k - a scroll of immolation {unknown}
 l - a scroll of remove curse {unknown}
 p - a scroll of enchant weapon {unknown}
Potions
 d - a potion of might
 i - 2 potions of brilliance {unknown}
 m - a potion of agility {unknown}
 n - 2 potions of curing {unknown}
 o - a potion of mutation {unknown}
Comestibles
 e - 5 rations {!d}


   Skills:
 + Level 3.6 Fighting
 + Level 2.8 Axes
 + Level 3.2 Armour
 + Level 0.1 Dodging
 + Level 2.8 Shields


You had 3 spell levels left.
You didn't know any spells.
Your spell library was empty.

Dungeon Overview and Level Annotations

Branches:
Dungeon (2/12)

Altars:


Innate Abilities, Weirdness & Mutations

You have sharp fingernails.
You have sharp toenails.


Message History

An orc comes into view. It is wielding a +0 dagger.
The orc shouts!
The orc hits you with a +0 dagger.
You hit the orc but do no damage. You claw the orc.
The orc is lightly wounded.
The orc barely misses you.
You slash the orc!
You kill the orc!
You have reached level 4!
You feel clever.
Your demonic ancestry asserts itself...
Your fingernails lengthen.
You now have 106 gold pieces (gained 22).
Things that are here:
a +0 dagger; a +0 scale mail There isn't anything to butcher here.
Eating a chunk of flesh.
You eat the chunk of flesh.
This raw flesh tastes terrible.
A kobold comes into view. It is wielding a +0 dagger.
The kobold shouts!
Are you sure you want to abandon this character and quit the game? (Confirm with "yes".)

#....>.... .........
#..#...... ##.#...#
#..##.######..##.....#
#..................).#
#...#.##########.#.#.#
#......)........ #.#+#
#.....######### #....
#.....# #.... #....@#
#.... #.....#
########.... #......
............ #....###
########.... #....
#.##. #.... . #.##.
####K ##.####.##. ..
........##.
##.#.......


You could see a kobold.

Vanquished Creatures
  An adder (D:2)
  3 worms (D:2)
  A dart slug (D:2)
  2 orcs (D:2)
  2 ball pythons (D:1)
  A giant cockroach (D:2)
  7 hobgoblins
  10 jackals (D:2)
  3 kobolds
  A quokka (D:2)
  3 bats
  4 frilled lizards (D:1)
  A goblin (D:1)
  4 rats
43 creatures vanquished.

Notes
Turn   | Place    | Note
-------+----------+-------------------------------------------
     0 | D:1      | galech the Demonspawn Fighter began the quest for the Orb.
     0 | D:1      | Reached XP level 1. HP: 18/18 MP: 1/1
   238 | D:1      | Gained mutation: You have sharp toenails. [demonic
                  | ancestry]
   238 | D:1      | Reached XP level 2. HP: 24/24 MP: 2/2
   877 | D:2      | Reached XP level 3. HP: 29/29 MP: 3/3
  1324 | D:2      | Gained mutation: You have sharp fingernails. [demonic
                  | ancestry]
  1324 | D:2      | Reached XP level 4. HP: 33/36 MP: 4/4
  1337 | D:2      | Quit the game

Skill      XL: |  1  2 |
---------------+-------+-----
Armour         | 3 |  3.2
Axes           | 2 |  2.8
Fighting       | |  3.6
Dodging        | |  0.1
Shields        | |  2.8

Action                   |  1- 3 |  4- 6 || total
-------------------------+-------+-------++-------
Melee: War axe           |   101 |       ||   101
       Kick              |    21 |       ||    21
  Eat: Chunk             |     5 |     1 ||     6
Armor: Scale mail        |    49 |       ||    49
Dodge: Dodged            |    15 |       ||    15
Block: Medium shield     |    42 |       ||    42
